Map: Руины Эндиона

Players

GelioS

  • Race: Protoss Protoss
  • League: Silver

Pollen - Winner!

  • Race: Zerg Zerg
  • League: Gold

VOD

Have the link to the VOD?

Description

Time

  • Played on: May 17, 2016, 2:40 p.m.
  • Length: 17:11
Show
View Real Time Build Order
Export as new Build Order

GelioS Protoss 

Build Orders: Oracle Opening 

Get SALT Encoding   

  12  0:01  Probe (Chrono Boost)  
  13  0:12  Probe (Chrono Boost)  
  14  0:21  Pylon  
  14  0:23  Probe (Chrono Boost)  
  15  0:39  Probe (Chrono Boost)  
  16  0:47  Gateway  
  17  0:50  Probe (Chrono Boost)  
  17  1:00  Probe (Chrono Boost)  
  17  1:01  Assimilator  
  17  1:03  Assimilator  
  18  1:17  Probe (Chrono Boost)  
  19  1:31  Probe (Chrono Boost)  
  20  1:36  Cybernetics Core  
  20  1:41  Pylon  
  20  1:43  Probe (Chrono Boost)  
  20  1:45  Zealot  
  23  1:59  Probe (Chrono Boost)  
  24  2:04  Pylon  
  24  2:13  Warp Gate (Chrono Boost)  
  24  2:25  Mothership Core (Chrono Boost), Stargate  
  26  2:53  Nexus  
  26  2:56  Pylon  
  26  2:58  Probe  
  27  3:09  Oracle  
  30  3:22  Pylon  
  30  3:35  Probe  
  31  3:50  Gateway  
  31  3:51  Gateway  
  31  3:53  Gateway, Probe  
  32  4:05  Probe  
  32  4:09  Probe  
  31  4:17  Probe  
  32  4:25  Phoenix (Chrono Boost)  
  34  4:31  Stargate, Probe  
  34  4:33  Probe  
  36  4:40  Forge  
  36  4:42  Probe  
  36  4:45  Probe  
  38  4:50  Phoenix (Chrono Boost)  
  40  4:53  Probe  
  40  4:57  Assimilator  
  40  4:58  Probe  
  40  4:59  Protoss Air Weapons Level 1  
  42  5:00  Assimilator  
  42  5:03  Probe  
  43  5:13  Protoss Ground Weapons Level 1 (Chrono Boost)  
  43  5:18  Probe  
  43  5:19  Probe  
  43  5:21  Phoenix  
  47  5:31  Phoenix  
  49  5:44  Robotics Facility  
  49  5:48  Pylon  
  49  5:49  Probe x2  
  51  5:50  Phoenix  
  53  5:59  Pylon  
  53  6:02  Photon Cannon  
  53  6:08  Phoenix  
  55  6:14  Probe x2  
  57  6:19  Photon Cannon  
  57  6:27  Pylon  
  57  6:34  Probe x2  
  59  6:54  Phoenix x2  
  63  6:57  Nexus  
  63  6:58  Pylon  
  63  7:02  Fleet Beacon  
  63  7:04  Probe x2  
  65  7:17  Probe x2  
  71  7:28  Stalker  
  71  7:29  Stalker x3  
  75  7:38  Protoss Ground Armor Level 1 (Chrono Boost)  
  75  7:40  Pylon  
  75  7:44  Pylon  
  75  7:46  Observer  
  76  7:53  Stalker x4  
  76  8:17  Stalker x4  
  84  8:27  Pylon, Probe  
  84  8:28  Probe x2  
  84  8:30  Phoenix x2  
  91  8:45  Stalker x3  
  91  8:46  Stalker  
  99  9:05  Gateway  
  99  9:07  Gateway  
  99  9:09  Gateway  
  99  9:11  Pylon  
  99  9:15  Assimilator  
  99  9:18  Assimilator  
  72  9:54  Mothership Core  
  72  9:56  Tempest  
  72  9:57  Tempest  
  82  10:08  Stalker x5  
  82  10:09  Stalker x2  
  94  10:25  Anion Pulse-Crystals (Chrono Boost)  
  94  10:26  Protoss Air Weapons Level 2  
  94  10:28  Probe  
  94  10:29  Probe  
  94  10:30  Probe  
  97  10:41  Probe  
  97  10:42  Stalker x4  
  104  10:44  Stalker  
  108  10:55  Photon Cannon  
  108  11:20  Stalker x3, Protoss Shields Level 1  
  115  11:33  Observer  
  115  11:39  Nexus  
  115  11:41  Pylon, Twilight Council  
  115  11:43  Tempest  
  83  12:04  Stalker x4  
  83  12:05  Stalker x3  
  97  12:14  Mothership Core  
  95  12:28  Stalker  
  95  12:29  Stalker x5  
  103  12:32  Stalker  
  105  12:42  Photon Cannon  
  105  12:45  Pylon  
  105  12:48  Pylon  
  105  12:56  Protoss Ground Weapons Level 2  
  105  12:58  Stalker x3  
  87  13:00  Stalker  
  91  13:09  Probe  
  92  13:20  Probe  
  92  13:23  Forge  
  93  13:30  Cybernetics Core, Probe  
  93  13:33  Mothership Core  
  96  13:36  Stalker x2  
  100  13:41  Probe  
  100  13:43  Photon Cannon  
  100  13:48  Assimilator  
  101  13:51  Assimilator  
  101  14:05  Templar Archives  
  101  14:11  Gateway  
  101  14:12  Gateway  
  101  14:14  Gateway  
  101  14:33  Pylon  
  101  14:39  Immortal  
  101  14:45  High Templar x5  
  115  14:46  High Templar x2  
  115  14:49  Archon  
  115  14:50  Archon x2  
  119  15:03  Protoss Air Armor Level 1  
  119  15:17  Robotics Facility  
  119  15:18  Robotics Facility  
  119  15:21  Robotics Bay  
  119  15:26  Immortal  
  123  15:35  High Templar  
  125  15:39  Archon  
  125  15:41  Zealot x4  
  125  15:42  Zealot x4  
  139  15:43  Zealot  
  95  16:04  Zealot  
  95  16:05  Zealot x6  
  95  16:06  Zealot x2  
  95  16:09  Immortal  
  85  16:19  Stalker  
  77  16:28  Stalker x3  
  77  16:29  Stalker x4  
  77  16:30  Stalker x2  
  85  16:34  Mothership Core  
  73  16:52  Stalker x2  
  73  16:53  Stalker x4  
  77  16:55  Stalker x3  
Show
View Real Time Build Order
Export as new Build Order

Pollen Zerg - Winner!

Build Orders: Hatch First 

Get SALT Encoding   

  12  0:03  Drone  
  13  0:17  Overlord  
  13  0:18  Drone  
  14  0:37  Drone x2  
  16  0:54  Hatchery  
  15  0:59  Drone x2  
  17  1:14  Spawning Pool  
  17  1:18  Extractor  
  15  1:22  Drone x2  
  17  1:31  Drone  
  18  1:34  Drone  
  19  2:04  Drone x2  
  19  2:05  Queen  
  19  2:07  Queen  
  25  2:10  Drone x2  
  27  2:18  Extractor  
  27  2:21  Drone  
  27  2:22  Drone  
  28  2:39  Overlord  
  28  2:41  Overlord  
  28  2:57  Drone x4  
  32  3:02  Overlord  
  32  3:10  Overlord x2  
  32  3:25  Roach Warren  
  32  3:26  Drone  
  32  3:27  Drone x3  
  34  3:32  Evolution Chamber  
  34  3:33  Drone x2  
  36  3:37  Evolution Chamber, Spore Crawler  
  34  3:42  Spore Crawler  
  33  3:51  Lair  
  33  3:57  Drone x2  
  33  3:58  Drone x2  
  35  4:12  Zerg Missile Weapons Level 1  
  35  4:13  Zerg Ground Armor Level 1  
  35  4:28  Drone x2, Roach x3  
  35  4:29  Drone x3  
  46  4:35  Overlord  
  46  4:39  Drone x2  
  46  4:40  Drone  
  49  4:53  Extractor  
  49  4:54  Drone x2  
  49  4:55  Drone, Extractor  
  49  4:57  Roach x3  
  56  5:04  Hydralisk Den  
  56  5:06  Glial Reconstitution  
  55  5:09  Overseer  
  55  5:10  Overseer x2  
  55  5:12  Overlord  
  55  5:15  Overlord  
  55  5:26  Drone x2  
  55  5:28  Drone x3  
  60  5:34  Lurker Den  
  60  5:40  Hydralisk  
  62  5:44  Roach  
  62  5:49  Roach x2  
  68  5:59  Roach  
  68  6:00  Roach x3  
  68  6:04  Hydralisk  
  78  6:11  Hydralisk  
  78  6:14  Hydralisk  
  78  6:17  Hydralisk  
  84  6:23  Roach x2  
  84  6:24  Hydralisk  
  90  6:32  Drone, Hatchery  
  90  6:52  Overlord x2  
  90  6:53  Overlord x3  
  90  6:54  Overlord  
  90  7:01  Overlord x3  
  90  7:09  Spore Crawler  
  90  7:12  Drone x2, Spore Crawler  
  90  7:23  Hydralisk x2  
  90  7:24  Hydralisk x4  
  90  7:28  Hydralisk  
  104  7:45  Queen  
  104  7:50  Hydralisk x4  
  114  7:52  Extractor  
  114  7:54  Extractor  
  98  8:06  Roach x5  
  98  8:07  Roach  
  98  8:10  Hydralisk  
  96  8:17  Hydralisk x2  
  90  8:29  Drone x2  
  90  8:30  Drone  
  90  8:32  Drone x4  
  97  8:39  Roach  
  95  8:55  Spore Crawler  
  94  8:56  Zerg Missile Weapons Level 2, Zerg Ground Armor Level 2  
  94  9:07  Drone x3  
  94  9:08  Drone x6  
  103  9:16  Infestation Pit  
  102  9:18  Muscular Augments  
  96  9:31  Roach x2  
  96  9:32  Roach x2  
  96  9:33  Roach  
  90  9:40  Roach x2  
  90  9:41  Roach  
  82  9:50  Roach x3, Hydralisk  
  88  9:56  Queen  
  88  10:08  Roach x2, Hydralisk  
  88  10:09  Hydralisk  
  88  10:13  Spore Crawler  
  94  10:16  Spore Crawler  
  94  10:20  Hydralisk x3  
  95  10:29  Hydralisk x3  
  95  10:35  Spore Crawler  
  100  10:42  Overseer  
  100  10:43  Hydralisk x3  
  100  10:44  Hydralisk  
  108  10:55  Drone x2  
  108  10:56  Hydralisk  
  110  10:57  Hydralisk x2  
  116  11:09  Hydralisk x3  
  116  11:10  Hydralisk x2  
  126  11:12  Roach  
  128  11:25  Overlord x3  
  128  11:26  Overlord  
  128  11:43  Hydralisk x2  
  128  11:44  Hydralisk  
  128  11:45  Hydralisk x4  
  140  11:56  Roach x4  
  140  11:57  Roach  
  130  12:02  Roach x2, Hydralisk  
  130  12:06  Hydralisk  
  138  12:15  Hydralisk x3  
  144  12:27  Roach  
  144  12:28  Pneumatized Carapace  
  144  12:29  Overlord x3  
  146  12:41  Spire  
  145  12:48  Infestation Pit  
  142  12:54  Roach x2  
  142  12:55  Roach x4  
  136  13:29  Hatchery  
  136  13:33  Roach, Hydralisk  
  136  13:34  Roach, Hydralisk x6  
  153  13:55  Corruptor x4  
  161  14:18  Hive  
  161  14:19  Corruptor x2  
  161  14:20  Corruptor  
  167  14:37  Hatchery  
  166  14:40  Roach  
  166  14:41  Roach  
  170  14:48  Overlord x2  
  170  14:55  Queen  
  172  15:18  Extractor  
  172  15:21  Extractor  
  170  15:24  Spore Crawler  
  170  15:26  Corruptor  
  170  15:27  Corruptor x2, Hydralisk  
  177  15:33  Roach x2, Hydralisk x2  
  185  15:39  Greater Spire  
  185  15:45  Drone x3  
  174  16:00  Corruptor x4  
  162  16:10  Roach x2, Hydralisk  
  150  16:28  Corruptor x3  
  152  16:34  Hydralisk  
  152  16:35  Roach x2  
  154  16:40  Roach x2  
  154  16:46  Roach x2  
  150  16:47  Roach  
Tags
 
Add a new tag
Caveats
  • Supply blocks, unpowered buildings, or Contaminate may cause inaccurate times.
  • Supply counts are checked every 10 seconds.